 Dungeon Crawl Stone Soup version 0.31-a0-538-gbc85326fa9 (webtiles) character file.

Game seed: 11016219614278849126

137 randomguy2701 the Grave Robber (level 5, -5/28 HPs)
             Began as a Deep Elf Necromancer on Aug 13, 2023.
             Killed by divine providence
             ... invoked by an orc priest
              (14 damage)
             ... on level 3 of the Dungeon.
             The game lasted 00:02:34 (2473 turns).

randomguy2701 the Grave Robber (DENe)               Turns: 2473, Time: 00:02:34

Health: -5/28      AC:  2    Str:  5    XL:     5   Next: 0%
Magic:  3/14       EV: 12    Int: 22    God:
Gold:   132        SH:  5    Dex: 15    Spells: 12/13 levels left

rFire   . . .        (no weapon)
rCold   . . .        (no shield)
rNeg    . . .        a - +0 robe
rPois   .            (no helmet)
rElec   .            (no cloak)
rCorr   .            (no gloves)
SInv    +            (no boots)
Will    .....        d - amulet of reflection
Stlth   ++           e - ring of see invisible
HPRegen 0.24/turn    (no ring)
MPRegen 0.14/turn

%: reflection
@: no status effects
A: no striking features
a: no special abilities


You were on level 3 of the Dungeon.
You visited 1 branch of the dungeon, and saw 3 of its levels.

You collected 132 gold pieces.

Inventory:

Armour
 a - a +0 robe (worn)
Jewellery
 d - an amulet of reflection (around neck)
 e - a ring of see invisible (left hand)
Scrolls
 c - 2 scrolls of noise {unknown}
 i - 2 scrolls of vulnerability {unknown}
 j - 3 scrolls of poison {unknown}
Potions
 b - a potion of magic
 f - a potion of curing {unknown}
 g - 2 potions of lignification {unknown}
 h - 2 potions of heal wounds {unknown}
 k - a potion of ambrosia {unknown}


   Skills:
 + Level 2.5 Dodging
 + Level 2.9 Stealth
 + Level 4.7 Spellcasting
 + Level 6.5 Necromancy


You had 12 spell levels left.
You knew the following spells:

 Your Spells              Type           Power      Damage    Failure   Level
a - Necrotise             Necr           100%       1d9       1%          1

Your spell library contained the following spells:

 Spells                   Type           Power      Damage    Failure   Level
 Vampiric Draining        Necr           34%        2d8       1%          3
 Animate Dead             Necr           34%        N/A       7%          4
 Shock                    Conj/Air       20%        1d4       11%         1
 Agony                    Necr           34%        N/A       19%         5
 Swiftness                Air            5%         N/A       30%         3
 Airstrike                Air            2%         2d(1-17)  71%         4


Dungeon Overview and Level Annotations

Branches:
Dungeon (3/15)

Altars:

Shops:
D:1 [[[*


Message History

Aim: an orc wizard, wielding a +0 dagger and wearing a +0 robe of willpower (almost dead, slightly transparent, chance to affect: 52%)
The orc wizard writhes in agony.
You kill the orc wizard!
The dead are walking!
The orc hits your orc wizard skeleton with a +0 short sword.
You swap places.
The orc hits your orc wizard skeleton with a +0 short sword.
Your orc wizard skeleton hits the orc.
The orc dies!
You have reached level 5!
Your orc wizard skeleton closely misses the orc priest.
The orc priest hits your orc wizard skeleton with a +0 flail!
Your orc skeleton barely misses the orc priest.
The orc priest barely misses your orc skeleton.
Your orc skeleton hits the orc priest.
The orc priest hits your orc skeleton with a +0 flail.
The orc priest hits your orc skeleton with a +0 flail!
Your orc skeleton is destroyed!
Casting: Necrotise (safe; 1% risk of failure)
Confirm with . or Enter, or press ? or * to list all spells.
Aiming: Necrotise (safe; 1% risk of failure)
Press: ? - help, Shift-Dir - straight line, f - orc priest
Aim: an orc priest, wielding a +0 flail (chance to affect: 83%)
The orc priest writhes in agony.
Casting: Necrotise (safe; 1% risk of failure)
Confirm with . or Enter, or press ? or * to list all spells.
Aiming: Necrotise (safe; 1% risk of failure)
Press: ? - help, Shift-Dir - straight line, f/p - orc priest
Aim: an orc priest, wielding a +0 flail (moderately wounded, chance to affect: 83%)
The orc priest writhes in agony.
Casting: Necrotise (safe; 1% risk of failure)
Confirm with . or Enter, or press ? or * to list all spells.
Aiming: Necrotise (safe; 1% risk of failure)
Press: ? - help, Shift-Dir - straight line, f/p - orc priest
Aim: an orc priest, wielding a +0 flail (moderately wounded, chance to affect: 83%)
The orc priest writhes in agony.
The orc priest calls down the wrath of Beogh upon you.
Beogh smites you!
Ouch! That really hurt!
You die...

#######.#
#...ZZo.#
#.#######
#o# #.#
#@# #.#
#.# #.#
#.# #.#
#.# #.#
#.#


You could see an orc priest.

Vanquished Creatures
  An orc wizard (D:3)
  6 adders (D:2)
  3 dart slugs
  An orc (D:3)
  7 bats
  5 endoplasms
  A giant cockroach (D:2)
  5 goblins
  3 hobgoblins (D:1)
  A quokka (D:2)
  3 ball pythons
  4 frilled lizards
  6 kobolds
  6 rats
52 creatures vanquished.

Vanquished Creatures (collateral kills)
  An orc (D:3)
  A bat (D:2)
  A rat (D:2)
3 creatures vanquished.

Grand Total: 55 creatures vanquished

Notes
Turn   | Place    | Note
-------+----------+-------------------------------------------
     0 | D:1      | randomguy2701 the Deep Elf Necromancer began the quest for
                  | the Orb.
     0 | D:1      | Reached XP level 1. HP: 10/10 MP: 6/6
   107 | D:1      | Reached skill level 5 in Necromancy
   211 | D:1      | Reached XP level 2. HP: 15/15 MP: 6/8
   229 | D:1      | Found Wimeo's Armour Shoppe.
   824 | D:1      | Found Bisagg's Antique Armour Emporium.
   827 | D:1      | Found Muan's Antique Armour Boutique.
   847 | D:1      | Found Japp's Assorted Antiques.
  1171 | D:2      | Reached XP level 3. HP: 19/19 MP: 7/10
  1402 | D:2      | Reached skill level 6 in Necromancy
  1844 | D:2      | Reached XP level 4. HP: 24/24 MP: 8/12
  1906 | D:2      | Identified the +2 robe of Kaelob {Str+2 Int+5}
  2462 | D:3      | Reached XP level 5. HP: 6/28 MP: 4/14
  2473 | D:3      | Killed from afar by an orc priest

Illustrated notes

Levels and vault maps discovered:
D:1:      scummos_arrival_simple_crosswalls, layout_basic, serial_shops, shop,
          shop, shop, nicolae_lakefront_shop
D:2:      layout_loops_corners, kennysheep_generic_room_2
D:3:      layout_basic, serial_shops, shop

Skill      XL: |  1  2  3 |
---------------+----------+-----
Necromancy     | 5 6 |  6.5
Spellcasting   | 4 |  4.7
Dodging        | |  2.5
Stealth        | |  2.9

Action                     |  1- 3 |  4- 6 || total
---------------------------+-------+-------++-------
  Melee: Unarmed           |     1 |       ||     1
   Cast: Necrotise         |    65 |    29 ||    94
 Armour: Robe              |     1 |     3 ||     4
  Dodge: Dodged            |    10 |     3 ||    13
  Block: Other             |     4 |       ||     4
         Reflection        |     2 |       ||     2

Table legend: (Time is in decaauts)
 A = Elapsed time spent in this place.
 B = Non-inter-level travel time spent in this place.
 C = Inter-level travel time spent in this place.
 D = Time resting spent in this place.
 E = Time spent auto-exploring this place.
 F = Levels seen in this place.
 G = Mean time per level.
                   A        B        C        D        E       F      G
               +--------+--------+--------+--------+--------+-----+--------+
         Total |   2471 |   2438 |     33 |      0 |   2188 |   3 |  823.7 |
       Dungeon |   2471 |   2438 |     33 |      0 |   2188 |   3 |  823.7 |
               +--------+--------+--------+--------+--------+-----+--------+

Top non-repeatable levels by time:
     D:2: 1266 daAuts
     D:1: 1051 daAuts
     D:3: 153 daAuts
